 Dungeon Crawl Stone Soup version 0.30.1-11-g7821555f0a (webtiles) character file.

Game seed: 15837521241100751346

132 Gvegas66 the Trooper (level 5, 0/33 HPs)
             Began as a Gargoyle Fighter on Nov 23, 2023.
             Was a Follower of Kikubaaqudgha.
             Slain by Terence
             ... wielding a +4 morningstar of freezing
              (12 damage)
             ... on level 3 of the Dungeon on Nov 24, 2023.
             The game lasted 00:10:11 (1296 turns).

Gvegas66 the Trooper (Gargoyle Fighter)             Turns: 1296, Time: 00:10:12

Health: 0/33       AC: 17    Str: 22    XL:     5   Next: 15%
Magic:  0/5        EV:  6    Int:  8    God:    Kikubaaqudgha [*.....]
Gold:   75         SH:  4    Dex:  9    Spells: 4/4 levels left

rFire   . . .        a - +0 war axe
rCold   . . .        c - +0 buckler
rNeg    + . .        m - +0 plate armour
rPois   ∞            (no helmet)
rElec   +            (no cloak)
rCorr   .            f - +0 pair of gloves
SInv    .            (no boots)
Will    .....        e - amulet of guardian spirit Stlth
                     (no ring)
HPRegen 0.25/turn    (no ring)
MPRegen 0.09/turn

%: guardian spirit
@: no status effects
A: sickness immunity, AC +4, negative energy resistance 1, electricity
resistance, torment resistance 1, petrification resistance
a: Renounce Religion, Unearth Wretches


You were on level 3 of the Dungeon.
You worshipped Kikubaaqudgha.
Kikubaaqudgha was aware of your devotion.
You visited 1 branch of the dungeon, and saw 3 of its levels.

You collected 75 gold pieces.

Inventory:

Hand Weapons
 a - a +0 war axe (weapon)
Armour
 b - a +0 scale mail
 c - a +0 buckler (worn)
 f - a +0 pair of gloves (worn)
 m - a +0 plate armour (worn)
Jewellery
 e - an amulet of guardian spirit (around neck)
 j - an amulet of reflection
Scrolls
 h - a scroll of torment {unknown}
 i - a scroll of magic mapping {unknown}
 k - a scroll of acquirement {unknown}
 l - a scroll of vulnerability {unknown}
 n - a scroll of teleportation {unknown}
Potions
 d - a potion of might
 g - a potion of brilliance {unknown}


   Skills:
 + Level 4.2 Fighting
 + Level 2.7 Axes
 + Level 4.2 Armour
 + Level 4.2 Shields


You had 4 spell levels left.
You didn't know any spells.
Your spell library contained the following spells:

 Spells                   Type           Power      Damage    Failure   Level
 Kiss of Death            Conj/Necr      0%         2d5       100%        1
 Necrotise                Necr           0%         1d4       100%        1
 Vampiric Draining        Necr           0%         2d6       100%        3
 Animate Dead             Necr           0%         N/A       100%        4


Dungeon Overview and Level Annotations

Branches:
Dungeon (2/15)

Altars:
Kikubaaqudgha

Shops:
D:1 ??=[

Annotations:
D:3 Terence


Innate Abilities, Weirdness & Mutations

You are immune to sickness and miasma.
Your stone body is resilient. (AC +4)
You are immune to poison.
You resist negative energy. (rN+)
You are resistant to electric shocks. (rElec)
You are resistant to unholy torment.
You are immune to petrification.


Message History

You barely miss Terence. Terence hits you but does no damage.
Terence hits you with a +4 morningstar of freezing!
Terence freezes you.
You hit Terence but do no damage.
Terence hits you with a +4 morningstar of freezing.
Terence freezes you.
You are too injured to fight recklessly!
You are too injured to fight recklessly!
You are too injured to fight recklessly!
You are too injured to fight recklessly!
You are too injured to fight recklessly!
You are too injured to fight recklessly!
You are too injured to fight recklessly!
This spell is impossible to cast!
Memorise Kiss of Death, consuming 1 spell level and leaving 3? [Y]es or [N]o only, please.
Memorise Kiss of Death, consuming 1 spell level and leaving 3?
Okay, then.
Unknown command.
Okay, then.
Okay, then.
Okay, then.
You are too injured to fight recklessly!
Terence hits you with a +4 morningstar of freezing.
Terence freezes you.
You hit Terence.
Terence is moderately wounded.
Terence hits you but does no damage. x2
You hit Terence but do no damage.
Terence is moderately wounded.
Terence hits you with a +4 morningstar of freezing.
Terence freezes you.
You closely miss Terence.
Terence is moderately wounded.
Terence barely misses you.
You closely miss Terence.
Terence is moderately wounded.
Terence hits you with a +4 morningstar of freezing!
You die...
Kikubaaqudgha rasps: "You have failed me!
Welcome... oblivion!"

##...#####
....$.....#
#.........#
..........#
#..>......#
#........#
###...#@#.###
.......@.:..##
.............#
#.##..#.......#
..##.#........#### #
#.##.##...........
#.#.#...........####
#.#.#.#..##.......#
........#........#
#............##


You could see Terence.

Vanquished Creatures
  A scorpion (D:3)
  A hound (D:3)
  An adder (D:3)
  2 dart slugs (D:1)
  2 ball pythons (D:3)
  A bat (D:1)
  5 endoplasms
  2 giant cockroaches (D:3)
  A goblin (D:3)
  4 jackals (D:3)
  3 quokkas (D:1)
  A frilled lizard (D:1)
  4 rats (D:1)
28 creatures vanquished.

Notes
Turn   | Place    | Note
-------+----------+-------------------------------------------
     0 | D:1      | Gvegas66 the Gargoyle Fighter began the quest for the Orb.
     0 | D:1      | Reached XP level 1. HP: 14/14 MP: 1/1
    26 | D:1      | Found Dotuge's Armour Emporium.
    65 | D:1      | Found Sututromao's Magic Scroll Boutique.
    83 | D:1      | Reached XP level 2. HP: 19/19 MP: 2/2
    92 | D:1      | Found Ityku's Magic Scroll Boutique.
   126 | D:1      | Found Fisismo's Jewellery Shoppe.
   706 | D:1      | Found a faded altar of an unknown god.
   722 | D:1      | Prayed at the altar of an unknown god.
   722 | D:1      | Became a worshipper of Kikubaaqudgha
   722 | D:1      | Reached * piety under Kikubaaqudgha
   722 | D:1      | Received a gift from Kikubaaqudgha
   893 | D:2      | You fall into a shaft and drop 1 floor!
  1031 | D:3      | Reached XP level 3. HP: 24/24 MP: 3/3
  1087 | D:3      | Noticed a scorpion
  1097 | D:3      | Killed a scorpion
  1098 | D:3      | Reached XP level 4. HP: 28/29 MP: 2/4
  1173 | D:3      | Reached XP level 5. HP: 23/33 MP: 2/5
  1284 | D:3      | Noticed Terence
  1296 | D:3      | Slain by Terence

Illustrated notes

Levels and vault maps discovered:
D:1:      ldierk_walled_garden_2, layout_loops_ring, serial_shops, shop, shop,
          nicolae_shop_window_shopping, shop, shapermc_ecumenical_altar_pompeii,
          minmay_stone_trees_small
D:2:      layout_basic, kennysheep_generic_room_8, uniq_jessica
D:3:      layout_loops_ring, lemuel_coloured_pillars_altar, uniq_terence

Skill      XL: |  1  2  3 |
---------------+----------+-----
Axes           | 2 |  2.7
Fighting       | 4 |  4.2
Armour         | 4 |  4.2
Shields        | 4 |  4.2

Action                     |  1- 3 |  4- 6 || total
---------------------------+-------+-------++-------
  Melee: War axe           |    71 |    42 ||   113
 Armour: Scale mail        |    37 |       ||    37
         Plate armour      |    23 |    32 ||    55
  Dodge: Dodged            |    34 |    15 ||    49
  Block: Buckler           |    15 |     8 ||    23
